 Dungeon Crawl Stone Soup version 0.21.1-1-g345015f (webtiles) character file.

8 shakethe the Chopper (level 2, 18/22 HPs)
             Began as a Demonspawn Gladiator on Feb 27, 2018.
             Quit the game on level 1 of the Dungeon.
             The game lasted 00:00:22 (292 turns).

shakethe the Chopper (Demonspawn Gladiator)          Turns: 292, Time: 00:00:22

Health: 18/22      AC:  4    Str: 14    XL:     2   Next: 0%
Magic:  2/2        EV: 12    Int:  9    God:
Gold:   33         SH:  0    Dex: 14    Spells: 1/1 levels left

rFire    . . .     SeeInvis .   a - +0 war axe
rCold    . . .     Gourm    .   (no shield)
rNeg     . . .     Faith    .   b - +0 leather armour
rPois    .         Spirit   .   c - +0 helmet
rElec    .         Reflect  .   (no cloak)
rCorr    .         Harm     .   (no gloves)
MR       .....                  (no boots)
Stlth    ++........             (no amulet)
HPRegen  0.07/turn              (no ring)
MPRegen  0.08/turn              (no ring)

@: no status effects
A: nightstalker 1
a: no special abilities


You were on level 1 of the Dungeon.
You were not hungry.

You visited 1 branch of the dungeon, and saw 1 of its levels.

You collected 33 gold pieces.

Inventory:

Hand Weapons
 a - a +0 war axe (weapon)
Missiles
 d - 3 throwing nets {=f, !d}
Armour
 b - a +0 leather armour (worn)
 c - a +0 helmet (worn)
Scrolls
 g - a scroll of immolation {unknown}
 h - 2 scrolls of identify {unknown}
 j - a scroll of fog {unknown}
 l - a scroll of magic mapping {unknown}
Potions
 e - a potion of lignification {unknown}
 k - a potion of heal wounds {unknown}
Comestibles
 f - a ration


   Skills:
 + Level 2.2 Fighting
 + Level 2.8 Axes
 - Level 1.8 Throwing
 + Level 2.8 Dodging


You had one spell level left.
You didn't know any spells.

Dungeon Overview and Level Annotations

Branches:
Dungeon (1/15)

Altars:


Innate Abilities, Weirdness & Mutations

You are slightly more attuned to the shadows.


Message History

You now have 22 gold pieces (gained 11).
A frilled lizard comes into view.
The frilled lizard hisses angrily.
You hit the frilled lizard.
You kill the frilled lizard!
No target in view!
No target in view!
No target in view!
No target in view!
No target in view!
No target in view!
No target in view!
A kobold comes into view. It is wielding a club.
The kobold shouts!
The kobold throws a stone.
The stone barely misses you.
You see here a stone.
The kobold throws a stone.
The stone barely misses you.
The kobold throws a stone.
The stone hits you but does no damage.
You see here a stone.
The kobold throws a stone.
The stone hits you but does no damage.
You see here a stone.
The kobold hits you but does no damage.
Found a stone staircase leading down.
You closely miss the kobold. The kobold hits you with a club.
You slash the kobold!
You kill the kobold!
Things that are here:
a club; a stone You take 2 damage, and have 14/16 hp.
No target in view!
No target in view!
No target in view!
No target in view!
No target in view!
l - a scroll labeled PIBLAU ZONIOPT No target in view!
No target in view!
No target in view!
No target in view!
No target in view!
No target in view!
No target in view!
All of the chunks of flesh in your inventory have rotted away.
You now have 28 gold pieces (gained 6).
You now have 33 gold pieces (gained 5).
A frilled lizard comes into view.
You miss the frilled lizard.
The frilled lizard bites you but does no damage.
You barely miss the frilled lizard. The frilled lizard barely misses you.
The frilled lizard bites you.
You take 1 damage, and have 14/16 hp.
You slash the frilled lizard!
You kill the frilled lizard!
No target in view!
No target in view!
No target in view!
No target in view!
No target in view!
A hobgoblin comes into view. It is wielding a club.
The hobgoblin shouts!
The hobgoblin hits you but does no damage.
You closely miss the hobgoblin.
The hobgoblin hits you but does no damage.
You barely miss the hobgoblin. The hobgoblin barely misses you. x2
You barely miss the hobgoblin. The hobgoblin completely misses you.
You barely miss the hobgoblin.
The hobgoblin hits you but does no damage.
A rat comes into view.
You closely miss the hobgoblin.
The hobgoblin hits you but does no damage.
You closely miss the hobgoblin. The hobgoblin closely misses you.
The hobgoblin hits you but does no damage.
You barely miss the hobgoblin. The hobgoblin barely misses you.
The rat completely misses you.
You barely miss the rat. You hit the hobgoblin but do no damage.
The hobgoblin completely misses you. The rat barely misses you.
There are monsters nearby!
You hit the rat but do no damage. You barely miss the hobgoblin.
The hobgoblin barely misses you. The rat closely misses you.
You closely miss the rat. You hit the hobgoblin.
The rat bites you but does no damage.
The hobgoblin hits you but does no damage.
The rat barely misses you.
The hobgoblin hits you but does no damage.
You hit the hobgoblin but do no damage. You barely miss the rat.
The rat misses you. The hobgoblin misses you.
You closely miss the hobgoblin. You hit the rat.
You kill the rat!
The hobgoblin hits you with a club.
You take 2 damage, and have 13/16 hp.
You slash the hobgoblin!
You kill the hobgoblin!
You have reached level 2!
Your demonic ancestry asserts itself...
You slip into the darkness of the dungeon.
You regained 5 hp, and now have 18/22 hp.
MP restored: 2 No target in view!
Things that are here:
a club; a hobgoblin corpse

###### ....# #..#####
#†@....# #...##.# ###
#####...##†# #..
#.(.....##.##########.#
#.###..#..............#
#.(#.####.#########
#..#.# #.# #..... #.#
#...(. ...


There were no monsters in sight!

Vanquished Creatures
  A goblin (D:1)
  A hobgoblin (D:1)
  A bat (D:1)
  2 frilled lizards (D:1)
  2 kobolds (D:1)
  3 rats (D:1)
10 creatures vanquished.

Notes
Turn   | Place    | Note
-------+----------+-------------------------------------------
     0 | D:1      | shakethe the Demonspawn Gladiator began the quest for the Orb.
     0 | D:1      | Reached XP level 1. HP: 16/16 MP: 1/1
   290 | D:1      | Gained mutation: You are slightly more attuned to the shadows. [demonic ancestry]
   290 | D:1      | Reached XP level 2. HP: 17/22 MP: 2/2
   292 | D:1      | Quit the game

Action                   || total
-------------------------++-------
Melee: War axe           ||    30
Armor: Leather armour    ||    10
Dodge: Dodged            ||    24

Vault maps used:
D:1:      eino_arrival_water_star

Table legend:
 A = Turns spent in this place as a percentage of turns spent in the entire game.
 B = Non-inter-level travel turns spent in this place as a percentage of non-inter-level travel turns spent in the entire game.
 C = Inter-level travel turns spent in this place as a percentage of turns spent in this place.
 D = Turns resting spent in this place as a percentage of non-inter-level travel turns spent in this place.
 E = Turns spent auto-exploring this place as a percentage of non-inter-level travel turns spent in this place.
 F = Non-inter-level travel turns spent in this place divided by the number of levels of this place that you've seen.
                   A       B       C       D       E      F
               +-------+-------+-------+-------+-------+----------------------
         Total | 100.0 | 100.0 |   0.0 |  35.3 |  39.7 | 292.0
       Dungeon | 100.0 | 100.0 |   0.0 |  35.3 |  39.7 | 292.0
               +-------+-------+-------+-------+-------+----------------------

Table legend:
 A = Kills in this place as a percentage of kills in entire the game.
 B = Kills by you in this place as a percentage of kills by you in the entire game.
 C = Kills by friends in this place as a percentage of kills by friends in the entire game.
 D = Other kills in this place as a percentage of other kills in the entire game.
 E = Experience gained in this place as a percentage of experience gained in the entire game.
 F = Experience gained in this place divided by the number of levels of this place that you have seen.
                   A       B       C       D       E      F
               +-------+-------+-------+-------+-------+----------------------
         Total | 100.0 | 100.0 |   N/A |   N/A | 100.0 |  12.0
       Dungeon | 100.0 | 100.0 |   N/A |   N/A | 100.0 |  12.0
               +-------+-------+-------+-------+-------+----------------------
